 Dungeon Crawl Stone Soup version 0.30-a0-824-g6c64550be9 (webtiles) character file.

Game seed: 6093772645065573894

11592 Orangeyouglad the Fighter (level 12, -4/95 HPs)
             Began as a Human Artificer on Feb 27, 2023.
             Was a Follower of Zin.
             Slain by a meliai
             ... wielding a +1 heavy hand axe
              (8 damage)
             ... on level 11 of the Dungeon.
             The game lasted 00:57:22 (14268 turns).

Orangeyouglad the Fighter (Human Artificer)        Turns: 14268, Time: 00:57:23

Health: -4/95      AC: 17    Str: 16    XL:     12   Next: 9%
Magic:  27/27      EV: 16    Int: 19    God:    Zin [*.....]
Gold:   221        SH:  6    Dex: 18    Spells: 9/19 levels left

rFire   + . .      SeeInvis .    j - +2 dagger (speed)
rCold   . . .      Faith    .    z - +0 buckler
rNeg    . . .      Spirit   .    O - +0 steam dragon scales
rPois   .          Reflect  .    u - +0 helmet
rElec   .          Harm     .    M - +4 cloak of Analysis {rF+ Will+ Str+2}
rCorr   .          Rampage  .    m - +0 pair of gloves
Will    +....                    b - +2 pair of boots
Stlth   ++                       p - amulet of regeneration
HPRegen 1.15/turn                v - ring of Tuted {Int+6 Dex+2 Slay+4}
MPRegen 0.20/turn                H - ring of magical power

@: lethally poisoned (-4 -> -26)
A: no striking features
a: Renounce Religion, Recite, Donate Gold


You were on level 11 of the Dungeon.
You worshipped Zin.
Zin was aware of your devotion.
You visited 2 branches of the dungeon, and saw 13 of its levels.

You collected 473 gold pieces.
You spent 228 gold pieces at shops.
You donated 24 gold pieces to Zin.

Inventory:

Hand Weapons
 j - a +2 dagger of speed (weapon)
 V - a +2 scimitar
Missiles
 i - 14 boomerangs (quivered)
 r - 4 poisoned darts
 K - a throwing net
Armour
 b - a +2 pair of boots (worn)
 d - a +2 robe of cold resistance
 m - a +0 pair of gloves (worn)
 u - a +0 helmet (worn)
 z - a +0 buckler (worn)
 M - the +4 cloak of Analysis (worn) {rF+ Will+ Str+2}
   (You bought it in a shop on level 1 of the Dungeon)

   Str:       It affects your strength (+2).
   rF:        It protects you from fire.
   Will:      It increases your willpower.
 O - +0 steam dragon scales (worn)
Jewellery
 o - a ring of protection from fire
 p - an amulet of regeneration (around neck)
 v - the ring of Tuted (left hand) {Int+6 Dex+2 Slay+4}
   (You found it on level 8 of the Dungeon)

   [ring of slaying]

   Int:       It affects your intelligence (+6).
   Dex:       It affects your dexterity (+2).
   Slay:      It affects your accuracy & damage with ranged weapons and melee
   (+4).
 y - an amulet of magic regeneration
 H - a ring of magical power (right hand)
 P - a ring of see invisible
 R - a ring of willpower
Wands
 t - a wand of roots (6)
 E - a wand of digging (7)
Scrolls
 c - 2 scrolls of fear {unknown}
 e - 4 scrolls of vulnerability {unknown}
 h - a scroll of fog
 s - 3 scrolls of teleportation
 w - 3 scrolls of enchant armour {unknown}
 B - a scroll of poison {unknown}
 G - a scroll of amnesia {unknown}
 J - a scroll of silence {unknown}
 L - a scroll of magic mapping {unknown}
 U - a scroll of butterflies {unknown}
Potions
 k - a potion of resistance
 l - 3 potions of mutation
 n - 2 potions of brilliance
 q - 2 potions of attraction
 A - a potion of degeneration {unknown}
 C - a potion of haste {unknown}
 D - a potion of invisibility {unknown}
 F - a potion of berserk rage {unknown}
 N - a potion of ambrosia {unknown}
 T - a potion of flight {unknown}


   Skills:
 + Level 9.2 Fighting
 - Level 5.0 Armour
 + Level 7.5 Dodging
 - Level 1.7 Stealth
 - Level 5.0 Shields
 - Level 4.0 Spellcasting
 - Level 5.0 Conjurations
 + Level 8.0 Ice Magic
 - Level 4.0 Air Magic
 + Level 3.9 Invocations
 - Level 4.0 Evocations


You had 9 spell levels left.
You knew the following spells:

 Your Spells              Type           Power      Damage    Failure   Level
a - Freeze                Ice            100%       1d10      1%          1
b - Frozen Ramparts       Ice            68%        1d11      1%          3
c - Hailstorm             Conj/Ice       28%        3d8       3%          3
d - Swiftness             Air            19%        N/A       10%         3

Your spell library contained the following spells:

 Spells                   Type           Power      Damage    Failure   Level
 Shock                    Conj/Air       80%        1d8       2%          1
 Kiss of Death            Conj/Necr      52%        2d9       6%          1
 Mephitic Cloud           Conj/Pois/Air  15%        N/A       16%         3
 Airstrike                Air            9%         2d(2-18)  32%         4
 Confusing Touch          Hex            3%         N/A       45%         3
 Dispel Undead            Necr           3%         3d7       86%         4
 Borgnjor's Revivificati  Necr           1%         N/A       100%        8
 Chain Lightning          Conj/Air       10%        3d13      100%        9


Dungeon Overview and Level Annotations

Branches:
Dungeon (12/15)            Temple (1/1) D:7             Orc (0/2) D:10
   Lair: D:8-11

Altars:
Ashenzari
Cheibriados
Dithmenos
Elyvilon
Fedhas
Gozag
Hepliaklqana
Kikubaaqudgha
Makhleb
Nemelex Xobeh
Okawaru
Qazlal
Ru
Sif Muna
Trog
Uskayaw
Vehumet
Wu Jian
Xom
Yredelemnul
Zin
The Shining One

Shops:
D:1 *

Annotations:
D:11 2 transporters


Message History

You enter the shallow water.
Moving in this stuff is going to be slow. 2 meliai come into view.
A meliai is wielding a +1 heavy hand axe.
The meliai buzzes angrily. x3
An electric eel comes into view.
The meliai invokes the aid of its god against you.
Something smites you!
You closely miss the meliai.
The meliai hits you with a +1 heavy hand axe!
The meliai barely misses you. You block the meliai's attack.
The meliai stings you. The meliai misses you. The meliai closely misses you.
The meliai attacks as you move away!
The meliai hits you with a +1 heavy hand axe!
The meliai stings you but does no damage.
The meliai attacks as you move away! The meliai hits you but does no damage.
The meliai barely misses you. The meliai hits you with a +0 hand axe!
The meliai stings you.
You are poisoned.
The meliai poisons you! You block the meliai's attack. The meliai stings you.
You are more poisoned.
The meliai poisons you! The meliai hits you but does no damage.
The meliai barely misses you.
The meliai hits you with a +1 heavy hand axe!
The meliai closely misses you. The meliai misses you. The meliai stings you!
* * * LOW HITPOINT WARNING * * *
The meliai hits you but does no damage. The meliai barely misses you.
The meliai hits you with a +0 hand axe.
* * * LOW HITPOINT WARNING * * *
The meliai closely misses you.
* * * LOW HITPOINT WARNING * * *
You feel extremely sick. The meliai barely misses you. The meliai misses you.
The meliai hits you with a +0 hand axe.
* * * LOW HITPOINT WARNING * * *
The meliai misses you. You block the meliai's attack.
The meliai completely misses you. The meliai barely misses you.
The meliai stings you but does no damage.
The meliai hits you with a +1 heavy hand axe!
You die...

..######...~≈≈≈≈≈≈≈≈≈#≈≈≈≈≈≈≈≈≈
.........~~≈≈≈≈≈≈≈≈≈≈≈≈≈≈≈≈≈≈##
..#####..~~~≈≈≈≈≈≈≈≈≈≈≈≈≈≈≈≈≈≈#
..######.#.~~≈≈≈≈≈≈≈≈≈≈≈≈≈≈≈≈≈≈
##.......#.#.~≈≈≈≈≈≈≈≈≈≈≈≈≈≈~~#
#..........~~≈≈≈≈≈≈≈≈≈≈≈≈~~...
##.......#.#.~≈≈≈≈≈≈≈≈≈≈≈~
÷÷[..........~~~~y≈S~≈≈≈≈≈
##(........#....@y~<≈≈≈≈≈~
###....##.####.~y≈>≈≈≈≈≈~
#....##.# #.~≈≈~≈≈≈≈~≈
#....##+# #########.#.
#........ .. ####......... .
............. .............
.............


You could see 3 meliai and an electric eel.

Vanquished Creatures
  Snorg (D:10)
  A boulder beetle (D:11)
  2 two-headed ogres
  A death yak (D:10)
  2 kobold demonologists (D:11)
  Psyche (D:9)
  A troll (D:9)
  A hornet (D:9)
  3 shadows
  A wraith (D:9)
  Grum (D:9)
  15 yaks
  A steam dragon (D:8)
  A two-headed ogre zombie (D:10)
  A water moccasin (D:6)
  A sky beast (D:8)
  3 orc warriors
  2 black bears
  2 ice beasts (D:6)
  2 ogres
  4 wolves (D:9)
  4 centaurs
  2 phantoms (D:10)
  A kobold brigand (D:7)
  3 bullfrogs
  A gnoll sergeant (D:7)
  5 wights
  2 scorpions
  5 killer bees (D:8)
  2 troll zombies (D:10)
  4 howler monkeys
  4 jellies
  4 hounds
  4 orc priests
  4 iguanas
  Ijyb (D:4)
  Terence (D:3)
  5 orc wizards
  5 ogre zombies (D:10)
  Robin (D:2)
  7 gnolls
  3 river rats (D:10)
  6 adders
  2 worms
  5 dart slugs
  36 orcs
  5 ball pythons
  6 endoplasms
  3 giant cockroaches
  13 goblins
  6 hobgoblins
  5 jackals
  7 quokkas
  5 bats
  10 frilled lizards
  2 goblin skeletons (D:10)
  4 goblin zombies (D:10)
  8 kobolds
  2 orc skeletons (D:10)
  16 orc zombies (D:10)
  12 rats
268 creatures vanquished.

Vanquished Creatures (collateral kills)
  A wraith (D:11)
  A phantom (D:4)
  A wight (D:9)
  An orc priest (D:9)
  A worm (D:3)
  An orc (D:9)
  2 goblins (D:2)
  2 hobgoblins
10 creatures vanquished.

Vanquished Creatures (others)
  A shadow (D:11)
  A wight (D:9)
  A howler monkey (D:5)
  2 orc priests
  A dart slug (D:3)
  An orc (D:8)
7 creatures vanquished.

Grand Total: 285 creatures vanquished

Notes
Turn   | Place    | Note
-------+----------+-------------------------------------------
     0 | D:1      | Orangeyouglad the Human Artificer began the quest for the
                  | Orb.
     0 | D:1      | Reached XP level 1. HP: 15/15 MP: 1/1
   105 | D:1      | Found Sybor's Assorted Antiques.
   209 | D:1      | Reached XP level 2. HP: 21/21 MP: 2/2
   370 | D:1      | Reached XP level 3. HP: 26/26 MP: 3/3
   386 | D:1      | Learned a level 1 spell: Freeze
   858 | D:2      | Reached XP level 4. HP: 33/33 MP: 4/4
   914 | D:1      | Learned a level 3 spell: Frozen Ramparts
   968 | D:2      | Noticed Robin
   979 | D:1      | Reached skill level 1 in Ice Magic
  1285 | D:2      | Reached skill level 2 in Fighting
  1586 | D:2      | Reached skill level 1 in Spellcasting
  1861 | D:2      | Killed Robin
  1862 | D:2      | Reached XP level 5. HP: 38/38 MP: 6/6
  1946 | D:3      | Noticed Terence
  1947 | D:3      | Found a sacrificial altar of Ru.
  2896 | D:3      | Reached XP level 6. HP: 44/46 MP: 8/8
  3565 | D:4      | Noticed an ogre
  3579 | D:4      | Killed an ogre
  3580 | D:4      | Reached skill level 3 in Fighting
  3726 | D:3      | Killed Terence
  4009 | D:4      | Reached XP level 7. HP: 52/52 MP: 0/10
  4095 | D:4      | Learned a level 3 spell: Hailstorm
  4507 | D:4      | Noticed Ijyb
  4529 | D:4      | Killed Ijyb
  4686 | D:5      | Entered Level 5 of the Dungeon
  4981 | D:5      | Reached skill level 4 in Fighting
  5281 | D:5      | Found a radiant altar of Vehumet.
  5328 | D:5      | Reached XP level 8. HP: 44/60 MP: 0/12
  5569 | D:5      | Found a basalt altar of Yredelemnul.
  5570 | D:5      | Noticed a two-headed ogre
  5584 | D:5      | Reached skill level 1 in Conjurations
  5585 | D:5      | Killed a two-headed ogre
  5586 | D:5      | Reached skill level 5 in Fighting
  5586 | D:5      | Reached skill level 5 in Dodging
  5592 | D:5      | Found a sparkling altar of Nemelex Xobeh.
  5596 | D:5      | Found a shadowy altar of Dithmenos.
  5725 | D:5      | Reached XP level 9. HP: 64/68 MP: 13/13
  5942 | D:5      | Reached skill level 5 in Ice Magic
  6505 | D:6      | Learned a level 3 spell: Swiftness
  6582 | D:6      | Found a stormy altar of Qazlal.
  7230 | D:7      | Found a staircase to the Ecumenical Temple.
  7237 | Temple   | Entered the Ecumenical Temple
  7505 | D:7      | Reached skill level 6 in Fighting
  7537 | D:7      | Reached skill level 1 in Air Magic
  8438 | D:1      | Bought a pitted cloak for 228 gold pieces
  8438 | D:1      | Identified the +4 cloak of Analysis {rF+ Will+ Str+2} (You
                  | bought it in a shop on level 1 of the Dungeon)
  9367 | D:8      | Reached XP level 10. HP: 75/77 MP: 14/14
  9427 | D:8      | Reached skill level 5 in Conjurations
  9733 | D:8      | Identified the ring of Tuted {Int+6 Dex+2 Slay+4}
 10629 | D:9      | Reached skill level 1 in Shields
 10757 | D:9      | Noticed a two-headed ogre
 10780 | D:9      | Killed a two-headed ogre
 10781 | D:9      | Reached skill level 7 in Fighting
 10938 | D:9      | Noticed Psyche
 10956 | D:9      | Killed Psyche
 11133 | D:9      | Got Sif Muna's Octavo of Feathery Spectres
 11155 | D:9      | Found a transporter.
 11156 | D:9      | Found a transporter.
 11160 | D:9      | Found a transporter.
 11228 | D:9      | Noticed Grum
 11282 | D:9      | Reached XP level 11. HP: 85/85 MP: 15/15
 11286 | D:9      | Killed Grum
 11808 | D:9      | Reached skill level 8 in Fighting
 11876 | D:10     | Entered Level 10 of the Dungeon
 12226 | D:10     | Found a staircase to the Orcish Mines.
 12548 | D:5      | Became a worshipper of Dithmenos the Shadowed
 12711 | D:9      | Found a transporter.
 12788 | D:9      | Reached skill level 5 in Armour
 13064 | D:10     | Found a burning altar of Makhleb.
 13073 | D:10     | Found a white marble altar of Elyvilon.
 13073 | D:10     | Found a glowing golden altar of the Shining One.
 13074 | D:10     | Found a glowing silver altar of Zin.
 13103 | D:10     | Noticed a death yak
 13139 | D:10     | Noticed a death yak
 13154 | D:10     | Noticed a death yak
 13288 | D:10     | Fell from the grace of Dithmenos
 13292 | D:10     | Became a worshipper of Zin the Law-Giver
 13292 | D:10     | Reached * piety under Zin
 13522 | D:10     | Noticed Snorg
 13531 | D:10     | Killed Snorg
 13532 | D:10     | Reached skill level 1 in Invocations
 13603 | D:10     | Killed a death yak
 13604 | D:10     | Reached skill level 5 in Shields
 13631 | D:11     | Noticed a shadow demon
 13631 | D:11     | Noticed a shadow demon
 13637 | D:11     | Found a transporter.
 13637 | D:11     | Noticed a boulder beetle
 13640 | D:11     | Found a transporter.
 13856 | D:11     | Reached skill level 9 in Fighting
 13909 | D:11     | Reached XP level 12. HP: 62/95 MP: 1/17
 14100 | D:11     | Killed a boulder beetle
 14268 | D:11     | HP: 4/95 [meliai/+0 hand axe (4)]
 14268 | D:11     | Slain by a meliai

Illustrated notes

Levels and vault maps discovered:
D:1:      shiori_shiawase, layout_basic, serial_shops, nicolae_shop_crystal,
          minivault_23
D:2:      layout_rooms, uniq_robin
D:3:      minmay_thinvault, layout_basic, lemuel_tele_altar, uniq_terence
D:4:      layout_rooms, uniq_ijyb
D:5:      layout_loops_corners, kennysheep_mini,
          minmay_overflow_temple_star_quad
D:6:      layout_basic, nicolae_qazlal_eye_of_the_storm
D:7:      layout_layer_cave, temple_fountains, st_stairs_8,
          reono_crystal_passage
D:8:      layout_basic
D:9:      layout_long_grid, nicolae_transporter_circle, uniq_psyche, uniq_grum
D:10:     layout_roguey, good_gods_temple_1, mainiacjoe_overflow_24_doors,
          dpeg_lair_monsters, zombieorc2_lemuel, uniq_snorg
D:11:     gammafunk_boulding_lane, layout_basic, gammafunk_ghost_hydra_chop
D:12:     layout_roguey
Temple:   nicolae_temple_slightly_damp_pantheon

Skill      XL: |  1  2  3  4  5  6  7  8  9 10 11 12 |
---------------+-------------------------------------+-----
Dodging        | 2 3 4 5 6 7 |  7.5
Ice Magic      | 1 2 3 4 6 7 8 |  8.0
Fighting       | 2 3 4 5 6 7 9 |  9.2
Spellcasting   | 1 2 3 4 |  4.0
Conjurations   | 3 4 5 |  5.0
Air Magic      | 2 3 4 |  4.0
Shields        | 3 5 |  5.0
Armour         | 3 5 |  5.0
Evocations     | 4 |  4.0
Invocations    | 3 |  3.9
Stealth        | |  1.7

Action                     |  1- 3 |  4- 6 |  7- 9 | 10-12 || total
---------------------------+-------+-------+-------+-------++-------
  Melee: Club              |     8 |       |       |       ||     8
         Dagger            |    50 |   267 |   174 |   296 ||   787
         Punch             |     1 |     4 |     3 |       ||     8
  Throw: Boomerang         |       |    11 |     4 |     4 ||    19
         Dart              |       |       |     5 |       ||     5
   Cast: Freeze            |       |    38 |    84 |    65 ||   187
         Frozen Ramparts   |       |     3 |    22 |    46 ||    71
         Hailstorm         |       |       |     9 |    34 ||    43
         Swiftness         |       |       |       |     6 ||     6
 Invoke: Recite            |       |       |       |     1 ||     1
         Renounce Religion |       |       |       |     1 ||     1
  Evoke: Wand              |    17 |    14 |    16 |    32 ||    79
    Use: Scroll            |       |     3 |     2 |     8 ||    13
         Potion            |       |       |     1 |     8 ||     9
   Stab: Sleeping          |     2 |     3 |     1 |     1 ||     7
         Distracted        |       |     1 |       |       ||     1
         Petrified         |       |       |       |     5 ||     5
         Confused          |       |       |       |     1 ||     1
 Armour: Leather armour    |    15 |    42 |       |       ||    57
         Animal skin       |       |     9 |    85 |     2 ||    96
         Steam dragon scal |       |       |       |   172 ||   172
  Dodge: Dodged            |    32 |   132 |   201 |   309 ||   674
  Block: Buckler           |       |       |       |    98 ||    98

Table legend: (Time is in decaauts)
 A = Elapsed time spent in this place.
 B = Non-inter-level travel time spent in this place.
 C = Inter-level travel time spent in this place.
 D = Time resting spent in this place.
 E = Time spent auto-exploring this place.
 F = Levels seen in this place.
 G = Mean time per level.
                   A        B        C        D        E       F      G
               +--------+--------+--------+--------+--------+-----+--------+
         Total |  14075 |  12616 |   1459 |   2153 |   5990 |  13 | 1082.7 |
       Dungeon |  13818 |  12371 |   1447 |   2151 |   5821 |  12 | 1151.5 |
        Temple |    257 |    245 |     12 |      2 |    169 |   1 |  257.0 |
               +--------+--------+--------+--------+--------+-----+--------+

Top non-repeatable levels by time:
     D:3: 1873 daAuts
     D:9: 1808 daAuts
     D:5: 1737 daAuts
     D:7: 1611 daAuts
     D:1: 1298 daAuts
     D:8: 1171 daAuts
    D:10: 1083 daAuts
     D:6: 959 daAuts
     D:2: 866 daAuts
     D:4: 771 daAuts
    D:11: 514 daAuts
  Temple: 257 daAuts
    D:12: 121 daAuts
